Map: 虚空训练第1关

Players

平步青云 - Winner!

  • Race: Zerg Zerg

玩家2

  • Race: Zerg Zerg

VOD

Have the link to the VOD?

Description

Time

  • Played on: Dec. 25, 2015, 7:53 a.m.
  • Length: 7:44
Show
View Real Time Build Order
Export as new Build Order

平步青云 Zerg - Winner!

Build Orders: Pool First 

Get SALT Encoding   

  12  0:03  Drone  
  13  0:12  Overlord  
  13  0:24  Drone  
  14  0:30  Drone  
  15  0:37  Drone  
  15  0:38  Drone  
  17  0:53  Drone  
  18  0:59  Spawning Pool  
  18  1:01  Drone  
  18  1:09  Extractor  
  17  1:14  Overlord  
  17  1:24  Drone, Extractor  
  17  1:32  Drone  
  18  1:42  Drone  
  19  1:52  Drone  
  20  1:56  Queen  
  22  2:09  Drone  
  23  2:20  Drone  
  24  2:34  Drone  
  24  2:35  Zergling x2  
  26  2:38  Hatchery  
  25  2:47  Drone  
  26  3:07  Zergling x2  
  26  3:09  Zergling x2  
  28  3:17  Roach Warren  
  28  3:19  Overlord  
  27  3:20  Overlord  
  27  3:22  Zergling x2  
  28  3:40  Zergling x2  
  29  3:49  Drone  
  29  3:55  Drone  
  31  3:56  Queen  
  35  4:03  Roach x4  
  40  4:22  Roach x2  
  45  4:31  Drone x2  
  45  4:32  Overlord  
  46  4:56  Drone x2, Extractor  
  46  5:14  Roach x2  
  46  5:15  Roach x4  
  46  5:18  Overlord x2  
  46  5:19  Drone  
  59  5:30  Metabolic Boost  
  59  5:39  Drone  
  59  5:40  Drone  
  61  5:43  Roach x2  
  66  5:57  Drone x2  
  66  5:59  Roach x3  
  73  6:07  Overlord  
  73  6:09  Overlord  
  72  6:31  Roach x3  
  78  6:33  Drone x2  
  80  6:59  Roach x3  
  80  7:01  Overlord x3  
Show
View Real Time Build Order
Export as new Build Order

玩家2 Zerg 

Build Orders: Pool First 

Get SALT Encoding   

  12  0:00  Drone  
  13  0:12  Overlord  
  13  0:17  Drone  
  14  0:36  Extractor, Spawning Pool  
  14  0:39  Drone  
  13  0:46  Drone  
  14  0:51  Overlord  
  14  1:23  Zergling x2, Queen  
  17  1:30  Roach Warren  
  16  1:33  Drone  
  16  1:37  Extractor  
  16  1:42  Drone  
  16  1:44  Zergling x2  
  18  1:56  Drone  
  19  2:05  Zergling x2  
  19  2:06  Drone  
  21  2:17  Drone  
  22  2:28  Drone  
  22  2:29  Overlord  
  23  2:35  Drone  
  24  2:42  Drone  
  25  4:05  Zergling x2  
  25  6:05  Roach  
  25  6:06  Lair, Drone, Overlord  
  28  6:13  Drone  
  28  6:15  Hatchery  
  27  6:20  Drone  
  26  6:28  Drone  
  27  6:35  Drone, Zergling x2  
  29  6:42  Drone  
  30  6:49  Drone  
  27  6:57  Drone  
  24  7:04  Queen, Zergling x2  
  24  7:05  Drone  
  24  7:06  Overseer  
  24  7:07  Overseer  
  27  7:13  Drone  
  24  7:20  Drone  
  21  7:27  Drone  
  18  7:30  Extractor  
  18  7:34  Hatchery  
Tags
 
Add a new tag
Caveats
  • Supply blocks, unpowered buildings, or Contaminate may cause inaccurate times.
  • Supply counts are checked every 10 seconds.